 Dungeon Crawl Stone Soup version 0.30-a0-339-g89bb51ec76 (webtiles) character file.

Game seed: 14085768010545314862

27297 hikkokomori the Geomancer (level 12, -3/94 HPs)
             Began as a Demigod Earth Elementalist on Nov 1, 2022.
             Slain by a cane toad (22 damage)
             ... on level 2 of the Lair of Beasts.
             The game lasted 00:51:41 (16057 turns).

hikkokomori the Geomancer (DgEE)                   Turns: 16057, Time: 00:51:42

Health: -3/94      AC:  8    Str: 11    XL:     12   Next: 67%
Magic:  3/28       EV: 13    Int: 35    God:
Gold:   85         SH:  5    Dex: 11    Spells: 5/28 levels left

rFire   + . .      SeeInvis +    i - +5 mace of Yfade Doukhlu {flame, rElec Int+2}
rCold   + + .      Faith    .    (no shield)
rNeg    + . .      Spirit   .    o - +2 leather armour {rPois}
rPois   +          Reflect  +    O - +1 hat
rElec   +          Harm     .    a - scarf {rC+ rF+}
rCorr   .          Rampage  .    s - +0 pair of gloves
Will    +....                    Q - +0 pair of boots
Stlth   +++.......               C - amulet of reflection
HPRegen 0.35/turn                A - ring of protection from cold
MPRegen 0.21/turn                Z - ring of Untruth {rN+ Str+2 Dex-3 SInv}

@: about to teleport
A: high MP 1, forlorn, divine attributes
a: no special abilities


You were on level 2 of the Lair of Beasts.
You visited 2 branches of the dungeon, and saw 14 of its levels.
You also visited: Ossuary and Gauntlet.

You collected 636 gold pieces.
You spent 551 gold pieces at shops.

Inventory:

Hand Weapons
 i - the +5 mace of Yfade Doukhlu (weapon) {flame, rElec Int+2}
   (You found it on level 2 of the Dungeon)

   It burns those it strikes, dealing additional fire damage.
   Int:       It affects your intelligence (+2).
   rElec:     It insulates you from electricity.
 p - a +4 dagger
 J - the +7 arbalest of Dishonesty {vorpal, rN+}
   (You found it on level 1 of the Lair of Beasts)

   Any ammunition fired from it inflicts extra damage upon your enemies.
   rN:        It protects you from negative energy.
 Y - a +0 morningstar of chaos
Missiles
 l - 9 curare-tipped darts
 X - 2 throwing nets
Armour
 a - a scarf of resistance (worn)
 o - a +2 leather armour of poison resistance (worn)
 s - a +0 pair of gloves (worn)
 K - a +0 troll leather armour
 O - a +1 hat (worn)
 Q - a +0 pair of boots (worn)
 T - a +1 ring mail of cold resistance
 U - the +1 cloak "Rouso" {*Slow rElec Dex+5 Stlth+}
   (You found it on level 11 of the Dungeon)

   Dex:       It affects your dexterity (+5).
   rElec:     It insulates you from electricity.
   *Slow:     It may slow you when you take damage.
   Stlth:     It makes you more stealthy.
Magical Staves
 D - a staff of fire
Jewellery
 w - a ring of poison resistance
 y - a ring of fire
 A - a ring of protection from cold (left hand)
 C - an amulet of reflection (around neck)
 Z - the ring of Untruth (right hand) {rN+ Str+2 Dex-3 SInv}
   (You found it in a Gauntlet)

   [ring of see invisible]

   Str:       It affects your strength (+2).
   Dex:       It affects your dexterity (-3).
   rN:        It protects you from negative energy.
   SInv:      It lets you see invisible.
Wands
 m - a wand of flame (27)
 I - a wand of polymorph (9)
 M - a wand of mindburst (10)
 N - a wand of acid (11)
 R - a wand of charming (18)
 V - a wand of roots (4)
 W - a wand of digging (5)
Scrolls
 h - 3 scrolls of teleportation
 j - a scroll of magic mapping
 k - 4 scrolls of fog
 q - 4 scrolls of poison
 u - a scroll of immolation
 v - 2 scrolls of amnesia
 x - 3 scrolls of enchant armour
 B - 5 scrolls of fear
 L - 2 scrolls of enchant weapon
 P - 3 scrolls of blinking
Potions
 b - 2 potions of magic
 c - a potion of brilliance {unknown}
 d - 4 potions of curing
 e - a potion of heal wounds
 f - 4 potions of resistance
 g - a potion of haste {unknown}
 n - 2 potions of lignification
 r - 2 potions of degeneration
 z - 2 potions of might {unknown}
 E - a potion of berserk rage
 F - a potion of cancellation {unknown}
 H - a potion of flight {unknown}
 S - a potion of invisibility {unknown}


   Skills:
 - Level 5.4 Fighting
 + Level 6.9 Ranged Weapons
 - Level 6.2 Dodging
 - Level 6.2 Stealth
 - Level 8.5 Spellcasting
 - Level 8.7 Conjurations
 - Level 2.3 Hexes
 - Level 2.0 Transmutations
 - Level 10.3 Earth Magic
 - Level 3.4 Evocations


You had 5 spell levels left.
You knew the following spells:

 Your Spells              Type           Power      Damage    Failure   Level
a - Sandblast             Erth           100%       2d20      1%          1
b - Passwall              Tmut/Erth      45%        N/A       1%          2
c - Stone Arrow           Conj/Erth      100%       3d13      1%          3
d - Petrify               Tmut/Erth      55%        N/A       3%          4
e - Swiftness             Air            14%        N/A       12%         3
f - Inner Flame           Hex/Fire       23%        N/A       7%          3
g - Leda's Liquefaction   Hex/Erth       28%        N/A       2%          4
h - Portal Projectile     Hex/Tloc       46%        N/A       7%          3

Your spell library contained the following spells:

 Spells                   Type           Power      Damage    Failure   Level
 Shock                    Conj/Air       100%       1d9       1%          1
 Slow                     Hex            100%       N/A       1%          1
 Freeze                   Ice            56%        1d7       3%          1
 Ensorcelled Hibernation  Hex/Ice        46%        N/A       3%          2
 Confusing Touch          Hex            31%        N/A       4%          3
 Scorch                   Fire           28%        2d6       6%          2
 Spider Form              Tmut/Pois      22%        N/A       8%          3
 Call Canine Familiar     Summ           14%        N/A       12%         3
 Vampiric Draining        Necr           14%        2d7       12%         3
 Cause Fear               Hex            15%        N/A       14%         4
 Anguish                  Hex/Necr       11%        N/A       24%         4
 Airstrike                Air            7%         2d(1-17)  36%         4
 Manifold Assault         Tloc           14%        N/A       36%         4
 Yara's Violent Unravell  Hex/Tmut       15%        3d8       38%         5
 Dispersal                Tloc           7%         N/A       99%         6
 Enfeeble                 Hex            15%        N/A       100%        7
 Discord                  Hex            15%        N/A       100%        8
 Disjunction              Tloc           7%         N/A       100%        8
 Ignition                 Fire           7%         3d4       100%        8
 Polar Vortex             Ice            7%         N/A       100%        9


Dungeon Overview and Level Annotations

Branches:
Dungeon (12/15)            Temple (0/1) D:4            Lair (2/5) D:9
    Orc (0/2) D:12        Ossuary (visited)         Gauntlet (visited)
  Swamp: Lair:2-3    Shoals: Lair:2-3     Snake: Lair:2-3    Spider: Lair:2-3

Shops:
D:3 *   D:8 *   D:12 (

Annotations:
D:5 3 runed translucent doors, FizzleBag's ghost, amateur MiFi
D:8 exclusion: ice statue
D:9 Erolcha
D:12 Frances


Innate Abilities, Weirdness & Mutations

You have an increased reservoir of magic. (+10% MP)
You shall have no god before yourself.
Your divine heritage dramatically boosts your attributes as you level up.


Message History

Aim: a cane toad (poison gas, 77% to hit)
The bolt of acid hits the yak!
The acid corrodes the yak!
You kill the yak!
The bolt of acid misses the cane toad.
The cane toad stings you!
Unknown command.
Unknown command.
Casting: Sandblast (safe; 1% risk of failure)
Confirm with . or Enter, or press ? or * to list all spells.
Aiming: Sandblast (safe; 1% risk of failure)
Press: ? - help, Shift-Dir - straight line, f/p - cane toad
Aim: a cane toad (poison gas, 87% to hit)
The blast of sand hits the cane toad.
The cane toad is lightly wounded.
The yak looks more healthy.
The cane toad stings you!
Unknown command.
Casting: Sandblast (safe; 1% risk of failure)
Confirm with . or Enter, or press ? or * to list all spells.
Aiming: Sandblast (safe; 1% risk of failure)
Press: ? - help, Shift-Dir - straight line, f/p - cane toad
Aim: a cane toad (poison gas, lightly wounded, 87% to hit)
The blast of sand hits the cane toad but does no damage.
The cane toad is lightly wounded.
The cane toad stings you. The cane toad misses you.
Unknown command.
Casting: Sandblast (safe; 1% risk of failure)
Confirm with . or Enter, or press ? or * to list all spells.
You don't know that spell.
As you read the scroll of teleportation, it crumbles to dust.
You feel strangely unstable. The cane toad stings you!
* * * LOW HITPOINT WARNING * * *
Unknown command.
Casting: Sandblast (safe; 1% risk of failure)
Confirm with . or Enter, or press ? or * to list all spells.
Aiming: Sandblast (safe; 1% risk of failure)
Press: ? - help, Shift-Dir - straight line, f/p - cane toad
Aim: a cane toad (lightly wounded, 87% to hit)
The blast of sand hits the cane toad.
The cane toad is moderately wounded.
The cane toad stings you!!
You die...

.#.#.#.+.####
.....☼☼○.§§. #
##...°..)☼§..
..#....☼.○§☼...
#......°○○.....
##...○.°..§..
#P...☼§.☼☼...
#..##FY###.## #
#@### ###


You could see a yak and a cane toad.

Vanquished Creatures
  Gastronok (D:9)
  A minotaur (Gauntlet)
  A hydra (Lair:2)
  3 two-headed ogres
  Urug (D:11)
  2 death yaks (Gauntlet)
  Nergalle (D:11)
  An ugly thing (D:11)
  An elephant (Lair:2)
  2 black mambas (Lair:1)
  A manticore (D:11)
  Joseph (D:8)
  A gargoyle (D:11)
  3 cane toads
  An unseen horror (D:10)
  A kobold demonologist (D:9)
  A komodo dragon (Lair:1)
  3 meliai (D:11)
  7 ice devils (D:8)
  2 trolls
  2 hornets (D:11)
  Prince Ribbit (D:9)
  3 blink frogs (Lair:1)
  3 shadows
  A wraith (D:12)
  36 yaks
  2 wyverns
  3 vampire mosquitoes (D:10)
  Grum (D:11)
  4 basilisks
  2 water moccasins (Lair:1)
  2 ice beasts (D:6)
  3 sky beasts
  2 black bears
  4 orc warriors
  7 wolves
  6 centaurs
  4 phantoms
  2 kobold brigands
  A gnoll sergeant (D:12)
  8 bullfrogs
  16 scorpions
  8 killer bees
  6 howler monkeys
  A centaur zombie (Ossuary)
  2 human zombies (Ossuary)
  4 orc priests
  2 gnoll boudas (D:5)
  4 hounds
  Jessica (D:2)
  Natasha (D:2)
  3 iguanas
  6 orc wizards
  6 scorpion zombies (Ossuary)
  Ijyb (D:5)
  3 mummies (Ossuary)
  11 adders
  17 gnolls
  3 shadow imps
  3 white imps
  5 ufetubi (D:8)
  3 worms
  3 dart slugs
  38 orcs
  2 ball pythons (D:4)
  3 bats
  4 endoplasms
  4 giant cockroaches
  3 goblins
  3 hobgoblins (D:1)
  A jackal (D:5)
  3 quokkas
  A frilled lizard (D:2)
  2 gnoll zombies (Ossuary)
  A goblin zombie (Ossuary)
  A hobgoblin zombie (Ossuary)
  7 kobolds
  2 kobold zombies (Ossuary)
  5 rats
321 creatures vanquished.

Vanquished Creatures (others)
  11 fungi
  7 plants
  26 withered plants (Gauntlet)
44 creatures vanquished.

Grand Total: 365 creatures vanquished

Notes
Turn   | Place    | Note
-------+----------+-------------------------------------------
     0 | D:1      | hikkokomori the Demigod Earth Elementalist began the quest
                  | for the Orb.
     0 | D:1      | Reached XP level 1. HP: 14/14 MP: 5/5
    55 | D:1      | Reached skill level 1 in Transmutations
   234 | D:1      | Reached XP level 2. HP: 20/20 MP: 5/7
   320 | D:1      | You fall into a shaft and drop 1 floor!
   440 | D:2      | Identified the +5 mace of Yfade Doukhlu {flame, rElec
                  | Int+2}
   669 | D:2      | Reached skill level 3 in Earth Magic
   669 | D:2      | Reached XP level 3. HP: 26/26 MP: 4/8
   710 | D:2      | Noticed Natasha
   714 | D:2      | Killed Natasha
   753 | D:2      | Noticed Jessica
   756 | D:2      | Killed Jessica
   757 | D:2      | Reached XP level 4. HP: 21/33 MP: 7/10
  1393 | D:3      | Learned a level 2 spell: Passwall
  1397 | D:3      | Learned a level 3 spell: Stone Arrow
  1811 | D:3      | Found Yraph's General Store.
  1883 | D:4      | Reached XP level 5. HP: 38/38 MP: 8/11
  1995 | D:4      | Reached skill level 1 in Conjurations
  2038 | D:4      | Found a sand-covered staircase.
  2044 | Ossuary  | Entered an ossuary
  2063 | Ossuary  | Reached XP level 6. HP: 41/45 MP: 5/13
  2078 | Ossuary  | Reached skill level 4 in Earth Magic
  2358 | Ossuary  | Reached XP level 7. HP: 39/50 MP: 6/16
  2539 | Ossuary  | Reached skill level 5 in Earth Magic
  2962 | D:4      | Found a staircase to the Ecumenical Temple.
  2965 | D:4      | Reached XP level 8. HP: 48/57 MP: 16/18
  3135 | D:4      | Reached skill level 5 in Spellcasting
  3436 | D:4      | Identified the +4 kite shield of Tulips {rF+ Will- rCorr
                  | Stlth+}
  3451 | D:5      | Entered Level 5 of the Dungeon
  3578 | D:5      | Reached skill level 6 in Earth Magic
  3747 | D:5      | Reached skill level 5 in Conjurations
  4017 | D:5      | Found a runed translucent gate.
  4017 | D:5      | Found a runed translucent gate.
  4017 | D:5      | Found a runed translucent gate.
  4017 | D:5      | Noticed Ijyb
  4036 | D:5      | Killed Ijyb
  4126 | D:5      | Noticed FizzleBag's ghost (amateur MiFi)
  4607 | D:6      | Noticed a troll
  4617 | D:6      | Killed a troll
  4618 | D:6      | Reached skill level 7 in Earth Magic
  4618 | D:6      | Reached XP level 9. HP: 60/62 MP: 5/22
  4934 | D:6      | Noticed a skeletal warrior
  4935 | D:6      | Noticed a skeletal warrior
  6207 | D:8      | Found Mobuale's General Store.
  6241 | D:8      | Bought a scroll of blinking for 112 gold pieces
  6406 | D:3      | Bought a +0 pair of boots for 49 gold pieces
  6970 | D:8      | Noticed Joseph
  6985 | D:8      | Killed Joseph
  7115 | D:8      | Noticed an ice devil
  7117 | D:8      | Noticed an ice devil
  7117 | D:8      | Noticed an ice devil
  7117 | D:8      | Noticed an ice devil
  7123 | D:8      | Noticed an ice devil
  7125 | D:8      | Noticed an ice devil
  7256 | D:8      | Noticed an ice devil
  7393 | D:8      | Noticed an ice statue
  7545 | D:8      | Killed an ice devil
  7546 | D:8      | Reached skill level 8 in Earth Magic
  7850 | D:8      | Killed an ice devil
  7984 | D:8      | Killed an ice devil
  7985 | D:8      | Reached XP level 10. HP: 69/69 MP: 11/25
  8870 | D:9      | Reached skill level 9 in Earth Magic
  9053 | D:9      | Noticed Gastronok
  9073 | D:9      | Killed Gastronok
  9300 | D:9      | Noticed Prince Ribbit
  9303 | D:9      | Killed Prince Ribbit
  9483 | D:9      | Noticed a two-headed ogre
  9527 | D:9      | Learned a level 4 spell: Petrify
  9538 | D:9      | Noticed Erolcha
  9547 | D:9      | Found a staircase to the Lair.
  9619 | D:9      | Killed a two-headed ogre
  9673 | D:9      | Reached skill level 1 in Fighting
  9725 | D:10     | Entered Level 10 of the Dungeon
  9995 | D:10     | Reached XP level 11. HP: 77/77 MP: 24/27
 11850 | D:11     | Noticed Urug
 11863 | D:11     | Killed Urug
 11864 | D:11     | Reached skill level 10 in Earth Magic
 12102 | D:11     | Noticed a two-headed ogre
 12105 | D:11     | Killed a two-headed ogre
 12162 | D:11     | Reached skill level 5 in Stealth
 12188 | D:11     | Identified the +1 cloak "Rouso" {*Slow rElec Dex+5 Stlth+}
 12212 | D:11     | Noticed Sonja
 12213 | D:11     | Sonja changed into Sonja the hornet
 12213 | D:11     | Noticed Sonja
 12215 | D:11     | Killed Sonja the hornet
 12380 | D:11     | Reached skill level 5 in Dodging
 12396 | D:11     | Reached skill level 1 in Evocations
 12489 | D:11     | Noticed Grum
 12492 | D:11     | Killed Grum
 12789 | D:11     | Noticed Nergalle
 12799 | D:11     | Killed Nergalle
 13166 | D:12     | Noticed a +0 short sword
 13166 | D:12     | Noticed a +0 falchion
 13167 | D:12     | Noticed a +0 dagger
 13178 | D:12     | Noticed a +0 dagger
 13184 | D:12     | Noticed a +0 short sword
 13185 | D:12     | Noticed a +0 spear
 13186 | D:12     | Noticed a +0 spear
 13187 | D:12     | Noticed a +0 falchion
 13188 | D:12     | Found a gate leading to a gauntlet.
 13286 | Gauntlet | Entered a Gauntlet
 13286 | Gauntlet | Noticed a reaper
 13286 | Gauntlet | Found a transporter.
 13286 | Gauntlet | Found a transporter.
 13286 | Gauntlet | Found a transporter.
 13290 | Gauntlet | Found a transporter.
 13290 | Gauntlet | Found a transporter.
 13292 | Gauntlet | Found a large runed translucent door.
 13292 | Gauntlet | Noticed a death yak
 13293 | Gauntlet | Found a large runed translucent door.
 13293 | Gauntlet | Noticed a death yak
 13294 | Gauntlet | Found a large runed translucent door.
 13294 | Gauntlet | Found a large runed translucent door.
 13294 | Gauntlet | Found a runed translucent door.
 13294 | Gauntlet | Found a runed translucent door.
 13295 | Gauntlet | Found a large runed translucent door.
 13295 | Gauntlet | Found a large runed translucent door.
 13295 | Gauntlet | Found a large runed translucent door.
 13295 | Gauntlet | Found a large runed translucent door.
 13295 | Gauntlet | Noticed a death yak
 13296 | Gauntlet | Found a large runed translucent door.
 13297 | Gauntlet | Found a large runed translucent door.
 13301 | Gauntlet | Found a transporter.
 13307 | Gauntlet | Found a transporter.
 13309 | Gauntlet | Found a transporter.
 13309 | Gauntlet | Found a large runed translucent door.
 13309 | Gauntlet | Found a large runed translucent door.
 13317 | Gauntlet | Noticed a death yak
 13319 | Gauntlet | Noticed a death yak
 13320 | Gauntlet | Found a large runed translucent door.
 13320 | Gauntlet | Found a large runed translucent door.
 13320 | Gauntlet | Noticed a necromancer
 13322 | Gauntlet | Found a runed translucent gate.
 13322 | Gauntlet | Found a runed translucent gate.
 13322 | Gauntlet | Found a runed translucent gate.
 13322 | Gauntlet | Noticed a sixfirhy
 13374 | Gauntlet | Found a transporter.
 13396 | Gauntlet | Found a transporter.
 13399 | Gauntlet | Found a large runed translucent door.
 13400 | Gauntlet | Found a large runed translucent door.
 13410 | Gauntlet | Found a transporter.
 13415 | Gauntlet | Noticed a death scarab
 13436 | Gauntlet | Found a transporter.
 13436 | Gauntlet | Noticed a necromancer
 13505 | Gauntlet | Learned a level 3 spell: Swiftness
 13651 | Gauntlet | Identified the ring of Untruth {rN+ Str+2 Dex-3 SInv}
 13699 | Gauntlet | Killed a death yak
 13699 | Gauntlet | Killed a death yak
 13700 | Gauntlet | Reached XP level 12. HP: 49/93 MP: 28/28
 13860 | Gauntlet | Noticed a minotaur
 13870 | Gauntlet | Killed a minotaur
 13871 | Gauntlet | Reached skill level 5 in Fighting
 14164 | D:12     | Found Gefotzao's Weapon Emporium.
 14236 | D:12     | Noticed Frances
 14337 | Lair:1   | Entered Level 1 of the Lair of Beasts
 14346 | Lair:1   | Identified the +7 arbalest of Dishonesty {vorpal, rN+}
 14371 | Lair:1   | Learned a level 3 spell: Inner Flame
 14451 | D:8      | Bought a book of the Hunter for 390 gold pieces
 14456 | D:8      | Learned a level 4 spell: Leda's Liquefaction
 14460 | D:8      | Learned a level 3 spell: Portal Projectile
 14580 | Lair:1   | Reached skill level 1 in Ranged Weapons
 14580 | Lair:1   | Reached skill level 1 in Hexes
 14845 | Lair:1   | Got the Quarto of Freezing Flames
 15130 | Lair:1   | Reached skill level 5 in Ranged Weapons
 15710 | Lair:2   | Noticed a six-headed hydra
 16026 | Lair:2   | Noticed a four-headed hydra
 16040 | Lair:2   | Killed a four-headed hydra
 16057 | Lair:2   | Slain by a cane toad

Illustrated notes

Levels and vault maps discovered:
D:1:      minmay_arrival_open_corners, layout_loops_ring, minmay_misc_feat_doors
D:2:      layout_basic, uniq_jessica, uniq_natasha
D:3:      layout_basic, serial_shops, shop
D:4:      layout_basic, temple_statues, lightli_ossuary_entry_decrepit_ruins
D:5:      layout_basic, lemuel_crystal_altar, ebering_ghost_gozag,
          minmay_misc_feat_tower, st_stairs_10, uniq_ijyb
D:6:      layout_loops_cross, nicolae_elevator_lobby_asterisk
D:7:      layout_basic
D:8:      cheibrodos_frozen_isle, layout_basic, serial_shops,
          nicolae_square_shop, uniq_joseph
D:9:      layout_basic, grunt_temple_overflow_open, lair_entry_dummy,
          jiyva_altar_1, uniq_prince_ribbit1, uniq_erolcha, uniq_gastronok
D:10:     layout_grid_maze, mainiacjoe_overflow_alcove_2
D:11:     layout_loops_ring, uniq_urug, uniq_sonja, uniq_grum, uniq_nergalle
D:12:     layout_loops_cross, david_orc_5, serial_shops, shop,
          nicolae_trove_entry_free_sample, gauntlet_entry_generic,
          nicolae_uskayaw_en_pointe, uniq_frances
Lair:1:   layout_hall_layers, lemuel_fruit_tree, infiniplex_staircase_pool_2
Lair:2:   layout_roguey, elwin_shoals_entry_stream

Skill      XL: |  1  2  3  4  5  6  7  8  9 10 11 12 |
---------------+-------------------------------------+-----
Transmutations | 1 2 |  2.0
Stealth        | 2 3 6 |  6.2
Dodging        | 2 3 5 6 |  6.2
Spellcasting   | 2 3 4 6 7 8 |  8.5
Earth Magic    | 3 4 5 7 8 9 10 | 10.3
Conjurations   | 1 2 4 5 7 8 |  8.7
Fighting       | 1 4 5 |  5.4
Evocations     | 2 3 |  3.4
Ranged Weapons | 6 |  6.9
Hexes          | 2 |  2.3

Action                   |  1- 3 |  4- 6 |  7- 9 | 10-12 || total
-------------------------+-------+-------+-------+-------++-------
Melee: Unarmed           |     1 |       |       |       ||     1
       Mace              |       |    28 |    13 |    14 ||    55
       Dagger            |       |       |       |     1 ||     1
 Fire: Arbalest          |       |       |       |     7 ||     7
 Cast: Sandblast         |    33 |    78 |   188 |   243 ||   542
       Stone Arrow       |       |     1 |    65 |   139 ||   205
       Passwall          |       |       |       |     1 ||     1
       Petrify           |       |       |       |     2 ||     2
       Inner Flame       |       |       |       |     2 ||     2
       Portal Projectile |       |       |       |     1 ||     1
Evoke: Wand              |       |       |       |    20 ||    20
  Use: Scroll            |       |     6 |     6 |    18 ||    30
       Potion            |       |     1 |     1 |     4 ||     6
 Stab: Sleeping          |       |       |       |     1 ||     1
       Petrified         |       |       |       |     2 ||     2
Armor: Robe              |     1 |    12 |       |       ||    13
       Leather armour    |       |    17 |    30 |    91 ||   138
Dodge: Dodged            |     8 |    60 |    54 |   202 ||   324
Block: Other             |       |       |    15 |    63 ||    78
       Reflection        |       |       |     1 |       ||     1

Table legend: (Time is in decaauts)
 A = Elapsed time spent in this place.
 B = Non-inter-level travel time spent in this place.
 C = Inter-level travel time spent in this place.
 D = Time resting spent in this place.
 E = Time spent auto-exploring this place.
 F = Levels seen in this place.
 G = Mean time per level.
                   A        B        C        D        E       F      G
               +--------+--------+--------+--------+--------+-----+--------+
         Total |  16375 |  15606 |    769 |   2710 |   9706 |  16 | 1023.4 |
       Dungeon |  13126 |  12403 |    723 |   2005 |   8390 |  12 | 1093.8 |
          Lair |   1630 |   1584 |     46 |    584 |    577 |   2 |  815.0 |
       Ossuary |    883 |    883 |      0 |      0 |    642 |   1 |  883.0 |
      Gauntlet |    735 |    735 |      0 |    121 |     97 |   1 |  735.0 |
               +--------+--------+--------+--------+--------+-----+--------+

Top non-repeatable levels by time:
     D:8: 2432 daAuts
    D:10: 1907 daAuts
    D:11: 1662 daAuts
  Lair:1: 1504 daAuts
     D:7: 1209 daAuts
     D:9: 991 daAuts
     D:5: 942 daAuts
 Ossuary: 883 daAuts
     D:6: 878 daAuts
     D:3: 824 daAuts
     D:2: 799 daAuts
     D:4: 786 daAuts
Gauntlet: 735 daAuts
    D:12: 364 daAuts
     D:1: 327 daAuts
